cohdb
Replays
Latest Replays
All Replays
Popular Replays
Top Player Replays
Match Explorer
How It Works
Community
CoH3 Stats
Reddit
Sign in to upload your games and track your stats! →
Sign in with Steam
Match 32571366
Unlisted
Match 32571366
Overview
Messages
Build Orders
End
Construct Infanterie Kompanie
Selects Mechanized Battlegroup
MG 42 Machine Gun Team
MG 42 Machine Gun Team
Kettenkrad Recon Vehicle
Construct Panzergrenadier Kompanie
Selects Mobile Repair Stations
251 Medium Carrier
Panzergrenadier Squad
Support Elements
Nebelwerfer 42 Rocket Launcher Team
Nebelwerfer 42 Rocket Launcher Team
Kettenkrad Recon Vehicle
Selects Raid Package
Construct Luftwaffe Kompanie
Wirbelwind Flakpanzer
Jäger Squad
Wirbelwind Flakpanzer
Selects Wespe Self-propelled Artillery
Selects Wespe Self-propelled Artillery
Wespe Self-propelled Artillery
Wirbelwind Flakpanzer
Selects Zeroing Artillery Barrage
251 Medium Carrier
HAO A
andrewxu76
夏天的你
Arstein
Loki
Eisenzwerg
Abeli
Cipher7442
0
0
Comments
sign in to comment!
No comments posted yet!